 Dungeon Crawl Stone Soup version 0.17.1-3-g152610e (webtiles) character file.

30 Pidor the Conjurer (level 3, -3/14 HPs)
             Began as a Felid Conjurer on Apr 8, 2016.
             Engulfed by a cloud of flame (17 damage)
             ... on level 2 of the Dungeon.
             The game lasted 00:04:37 (1514 turns).

Pidor the Conjurer (Felid Conjurer)                 Turns: 1514, Time: 00:04:37

Health: -3/14      AC:  1    Str:  4    XL:     3   Next: 3%
Magic:  7/7        EV: 18    Int: 17    God:
Gold:   12         SH:  0    Dex: 21    Spells: 2 memorised, 4 levels left
                                        Lives:  0   Deaths: 0

rFire  . . .     SeeInvis +     (weapon unavailable)
rCold  . . .     Clarity  .     (armour unavailable)
rNeg   . . .     SustAt   .     (shield unavailable)
rPois  .         Gourm    .     (helmet unavailable)
rElec  .         Spirit   .     (cloak unavailable)
rCorr  .         Warding  .     (gloves unavailable)
rMut   .         Stasis   .     (boots unavailable)
MR     .....                    (no amulet)
Stlth  +++.......               g - ring of wizardry
                                e - +5 ring of dexterity

@: quick, not resistant to hostile enchantments, fairly stealthy
A: no armour, no weapons or thrown items, claws 1, fangs 3, see invisible,
carnivore 3, speed 1, shaggy fur 1, slow metabolism 1, sharp paws
a: no special abilities


You were on level 2 of the Dungeon.
You were completely stuffed.

You visited 1 branch of the dungeon, and saw 2 of its levels.

You collected 12 gold pieces.

Inventory:

Jewellery
 e - a +5 ring of dexterity (left paw)
 g - a ring of wizardry (right paw)
Scrolls
 c - a scroll of fear {unknown}
 d - a scroll of amnesia {unknown}
 f - a scroll of remove curse {unknown}
 l - a scroll of teleportation {unknown}
 n - a scroll of enchant armour {unknown}
Potions
 h - a potion of agility {unknown}
 i - a potion of lignification {unknown}
 j - a potion of resistance {unknown}
 k - a potion of heal wounds {unknown}
Books
 a - a book of Conjurations

   Spells                             Type                      Level
   a - Magic Dart                     Conjuration                  1
   b - Searing Ray                    Conjuration                  2
   c - Dazzling Spray                 Conjuration/Hexes            3
   d - Fulminant Prism                Conjuration/Hexes            4
   e - Iskenderun's Mystic Blast      Conjuration                  4
   f - Iskenderun's Battlesphere      Conjuration/Charms           5
Comestibles
 b - a meat ration
 m - 3 chunks of flesh


   Skills:
 - Level 2.6 Dodging
 - Level 2.6 Stealth
 + Level 2.5 Spellcasting
 * Level 4.2 Conjurations


You had 4 spell levels left.
You knew the following spells:

 Your Spells              Type           Power        Failure   Level  Hunger
a - Magic Dart            Conj           ###.         1%          1    #......
b - Searing Ray           Conj           ###...       2%          2    ##.....


Dungeon Overview and Level Annotations

Branches:
Dungeon (2/15)

Altars:
Vehumet


Innate Abilities, Weirdness & Mutations

You cannot wear armour.
You are incapable of wielding weapons or throwing items.
You have sharp claws.
You have razor-sharp teeth.
You have supernaturally acute eyesight.
You are carnivorous and can eat meat at any time.
You cover ground quickly.
You are covered in fur (AC +1).
You have a slow metabolism.
Your sharp claws are effective at attacking unaware monsters.


Message History

Found a bread ration, a robe and a scroll labeled WAISARCH MOSA.
Found a stone staircase leading up.
Found a stone staircase leading up.
Really walk into a travel-excluded area? [Y]es or [N]o only, please.
Really walk into a travel-excluded area?
Uppercase [Y]es or [N]o only, please.
Really walk into a travel-excluded area?
Okay, then.
Really walk into a travel-excluded area?
Found 14 gold pieces.
Found a stone staircase leading down.
Really walk into that cloud of flame?
Okay, then.
A kobold comes into view. It is wielding a whip.
The kobold shouts!
A ball python comes into view.
An adder comes into view.
You are engulfed in roaring flames.
Ouch! That really hurt!
You die...

......(#.. ..
.........## ...
.........S##.#
..>........S...#.
................#
#..[......§....$.
#...#...§K§...... #
#......§.@§......
#.##.....†.§.§.<....
#....##....§.......#
...)................
#....#.............
#..................
#.....<.........<..
.....###.#..####....
...^ #......) ....


You could see an adder (wandering), a ball python (wandering) and a kobold.

Vanquished Creatures
  2 giant cockroaches
  3 goblins (D:1)
  3 hobgoblins (D:1)
  7 jackals (D:1)
  2 giant geckos (D:1)
  3 giant newts (D:1)
  4 kobolds
  3 rats (D:1)
27 creatures vanquished.

Notes
Turn   | Place    | Note
--------------------------------------------------------------
     0 | D:1      | Pidor the Felid Conjurer began the quest for the Orb.
     0 | D:1      | Reached XP level 1. HP: 7/7 MP: 4/4
   357 | D:1      | Reached XP level 2. HP: 11/11 MP: 0/6
   459 | D:1      | Learned a level 2 spell: Searing Ray
   796 | D:1      | Reached skill level 4 in Conjurations
  1442 | D:2      | Found a radiant altar of Vehumet.
  1446 | D:2      | Reached XP level 3. HP: 14/14 MP: 2/7
  1514 | D:2      | Engulfed by a cloud of flame

Action                   || total
-------------------------++-------
Melee: Unarmed           ||    19
 Cast: Magic Dart        ||    39
       Searing Ray       ||     3
  Eat: Chunk             ||     9
